 Dungeon Crawl Stone Soup version 0.25-a0-479-g8579842fd4 (webtiles) character file.

Game seed: 16522672772580461206, levelgen mode: deterministic

298 Alarak the Cleaver (level 6, -8/51 HPs)
             Began as a Hill Orc Fighter on Feb 9, 2020.
             Mangled by an ogre
             ... wielding a +0 giant spiked club
              (12 damage)
             ... on level 4 of the Dungeon.
             The game lasted 00:09:10 (3347 turns).

Alarak the Cleaver (Hill Orc Fighter)               Turns: 3347, Time: 00:09:11

Health: -8/51      AC:  8    Str: 21    XL:     6   Next: 35%
Magic:  6/6        EV:  9    Int:  8    God:
Gold:   140        SH:  0    Dex: 10    Spells: 5/5 levels left

rFire    . . .     SeeInvis .   a - +0 war axe
rCold    . . .     Gourm    .   (no shield)
rNeg     . . .     Faith    .   b - +0 scale mail
rPois    .         Spirit   .   j - +0 helmet
rElec    .         Reflect  .   (no cloak)
rCorr    .         Harm     .   (no gloves)
MR       .....                  (no boots)
Stlth    ..........             (no amulet)
HPRegen  0.17/turn              (no ring)
MPRegen  0.10/turn              (no ring)

@: no status effects
A: no striking features
a: no special abilities


You were on level 4 of the Dungeon.
You were not hungry.

You visited 1 branch of the dungeon, and saw 4 of its levels.

You collected 140 gold pieces.

Inventory:

Hand Weapons
 a - a +0 war axe (weapon)
 p - a +0 dagger of pain
Armour
 b - a +0 scale mail (worn)
 c - a +0 shield
 j - a +0 helmet (worn)
 m - a +0 large shield
Jewellery
 n - an uncursed ring of protection from cold {unknown}
 q - a cursed -3 ring of intelligence {unknown}
Wands
 y - a wand of disintegration (9)
Scrolls
 e - 4 scrolls of teleportation {unknown}
 g - a scroll of magic mapping {unknown}
 h - 3 scrolls of remove curse {unknown}
 i - a scroll of random uselessness {unknown}
 l - 2 scrolls of identify {unknown}
 o - 2 scrolls of enchant armour {unknown}
 t - a scroll of amnesia {unknown}
Potions
 d - 3 potions of might
 k - a potion of resistance {unknown}
 s - a potion of cancellation {unknown}
 u - a potion of haste {unknown}
 v - a potion of curing {unknown}
 w - 2 potions of mutation {unknown}
 x - 4 potions of heal wounds {unknown}
Comestibles
 f - 3 rations


   Skills:
 - Level 3.6 Fighting
 + Level 8.6 Axes
 - Level 3.2 Armour
 - Level 3.2 Shields


You had 5 spell levels left.
You didn't know any spells.
Your spell library contained the following spells:

 Spells                   Type           Power        Failure   Level  Hunger
 Confusing Touch          Hex            #.......     98%         3    ####...
 Gell's Gravitas          Tloc           #.........   98%         3    ####...
 Petrify                  Tmut/Erth      #.......     100%        4    #####..
 Metabolic Englaciation   Hex/Ice        #.........   100%        5    ######.
 Yara's Violent Unravell  Hex/Tmut       #.........   100%        5    ######.


Dungeon Overview and Level Annotations

Branches:
Dungeon (4/15)
 Temple: D:4-7

Altars:
Fedhas
Hepliaklqana
Okawaru
Wu Jian


Message History

This raw flesh tastes terrible.
All of the chunks of flesh in your inventory have rotted away.
HP restored.
You climb downwards.
The ogre hits you with a +0 giant spiked club!!
There is a stone staircase leading up, spattered with blood here.
You hit the ogre.
The ogre is moderately wounded.
You barely miss the ogre.
The ogre is moderately wounded.
The ogre hits you with a +0 giant spiked club!
You slash the ogre!
The ogre is almost dead.
The ogre hits you with a +0 giant spiked club!
* * * LOW HITPOINT WARNING * * *
You barely miss the ogre.
The ogre is almost dead.
A jackal comes into view.
The ogre hits you with a +0 giant spiked club!
You die...

##### #...$.##
.......# .......#
## ....... ##.P
#...# ###.P.
###...###..P♣♣ ♣P
#.@O......PP.♣♣♣.P.
+).........♣ ♣o..#
#...)(.....♣♣PP.#
#........[.....#
#..........P..##
#..........PP.#
#....$.......##
##h##.##..#..#
#.##.##..##...#


You could see an ogre and a jackal (wandering).

Vanquished Creatures
  An ice beast (D:3)
  An ogre (D:4)
  5 adders
  2 worms (D:2)
  2 leopard geckos
  4 orcs
  A ball python (D:2)
  6 bats
  6 goblins
  6 hobgoblins
  11 jackals
  7 kobolds
  3 quokkas
  3 frilled lizards
  9 rats
67 creatures vanquished.

Notes
Turn   | Place    | Note
-------+----------+-------------------------------------------
     0 | D:1      | Alarak the Hill Orc Fighter began the quest for the Orb.
     0 | D:1      | Reached XP level 1. HP: 19/19 MP: 1/1
    33 | D:1      | Reached skill level 3 in Axes
   206 | D:1      | Reached XP level 2. HP: 26/26 MP: 2/2
   463 | D:1      | Reached skill level 4 in Axes
   837 | D:2      | Reached XP level 3. HP: 31/31 MP: 3/3
   990 | D:2      | Reached skill level 5 in Axes
  1233 | D:2      | Found a blossoming altar of Fedhas.
  1663 | D:2      | Found an iron altar of Okawaru.
  1783 | D:2      | Reached XP level 4. HP: 34/39 MP: 4/4
  1798 | D:2      | Found an ornate altar of the Wu Jian Council.
  1935 | D:3      | Found a hazy altar of Hepliaklqana.
  2011 | D:3      | Noticed an ice beast
  2024 | D:3      | Killed an ice beast
  2024 | D:3      | Reached skill level 7 in Axes
  2024 | D:3      | Reached XP level 5. HP: 37/45 MP: 5/5
  2785 | D:4      | Noticed an ogre
  2995 | D:4      | Killed an ogre
  2995 | D:4      | Reached skill level 8 in Axes
  2995 | D:4      | Reached XP level 6. HP: 19/51 MP: 6/6
  3347 | D:4      | Mangled by an ogre

Levels and vault maps discovered:
D:1:      mainiacjoe_arrival_reflecting_pool, layout_loops_ring
D:2:      layout_loops_ring, lemuel_coloured_pillars_altar, old_standard_altar,
          fedhas_altar_3
D:3:      layout_loops_ring, lemuel_round_altar, chequers_serial_rivers_small_3,
          eino_tiny_chamber
D:4:      layout_gridville, zin_angel, first_ration, serial_forest,
          infiniplex_forest_clump_curved, infiniplex_forest_straight_4,
          infiniplex_forest_straight_4, infiniplex_forest_clump_curved,
          infiniplex_forest_clump_tiny, infiniplex_forest_fountain,
          grunt_tough_drop

Skill      XL: |  1  2  3  4  5 |
---------------+----------------+-----
Axes           | 3 4 5 7 8 |  8.6
Fighting       | |  3.6
Armour         | |  3.2
Shields        | |  3.2

Action                   |  1- 3 |  4- 6 || total
-------------------------+-------+-------++-------
Melee: War axe           |   102 |   157 ||   259
  Eat: Chunk             |     3 |     5 ||     8
Armor: Scale mail        |    51 |    68 ||   119
Dodge: Dodged            |    75 |    95 ||   170

Table legend:
 A = Non-vault XP
 B = Vault XP
 C = Vault XP percentage of total XP
 D = Non-vault monster count
 E = Vault monster count
 F = Vault count percentage of total count
                 A         B        C        D         E       F
            +---------+---------+-------+---------+---------+-------
      Total |     426 |       0 |   0.0 |      67 |       0 |   0.0
            +---------+---------+-------+---------+---------+-------
        D:1 |      23 |       0 |   0.0 |      14 |       0 |   0.0
        D:2 |      75 |       0 |   0.0 |      26 |       0 |   0.0
        D:3 |     201 |       0 |   0.0 |      23 |       0 |   0.0
        D:4 |     127 |       0 |   0.0 |       4 |       0 |   0.0
            +---------+---------+-------+---------+---------+-------
